 Dungeon Crawl Stone Soup version 0.27.1-33-g824d729ab1 (webtiles) character file.

Game seed: 286975311401542917

177663 ZlagarX the Frost Mage (level 17, -10/138 HPs)
             Began as a Demigod Ice Elementalist on Nov 22, 2021.
             Mangled by a bunyip (16 damage)
             ... on level 1 of the Swamp on Nov 25, 2021.
             The game lasted 02:14:48 (40068 turns).

ZlagarX the Frost Mage (Demigod Ice Elementalist)  Turns: 40068, Time: 02:14:49

Health: -10/138    AC: 10    Str:  9    XL:     17   Next: 0%
Magic:  22/38      EV: 15    Int: 31    God:
Gold:   2542       SH: 18    Dex: 19    Spells: 8/41 levels left

rFire    . . .     SeeInvis +   m - +4 flail "Transmigrator" {freeze, rN+ Will+ Int-2 SInv}
rCold    + + .     Faith    .   U - +2 kite shield {rC+}
rNeg     + + .     Spirit   .   J - +1 leather armour of the Stallion {rElec Will++ Dex-5}
rPois    +         Reflect  +   Y - +0 hat
rElec    +         Harm     .   B - +1 cloak
rCorr    +         Rampage  .   h - +0 pair of gloves
Will     ++++.     Rnd*Rage +   x - +2 pair of boots of Hopscotch {Contam rC+ Dex+6}
Stlth    ++........             n - amulet of reflection
HPRegen  0.33/turn              s - ring of resist corrosion
MPRegen  0.26/turn              t - ring of positive energy

@: studying Maces & Flails
A: high mp 1, forlorn, berserk 1, poison resistance, wild magic 1
a: no special abilities


You were on level 1 of the Swamp.
You visited 4 branches of the dungeon, and saw 24 of its levels.
You also visited: Bailey and Ice Cave.

You collected 2786 gold pieces.
You spent 244 gold pieces at shops.

Inventory:

Hand Weapons
 m - the +4 flail "Transmigrator" (weapon) {freeze, rN+ Will+ Int-2 SInv}
   (You took it off an orc warrior in a bailey)

   It freezes those it strikes, dealing additional cold damage.
   It can also slow down cold-blooded creatures.
   Int:       It affects your intelligence (-2).
   rN:        It protects you from negative energy.
   SInv:      It lets you see invisible.
   Will:      It increases your willpower.
 W - a +4 eveningstar of freezing
Armour
 h - a +0 pair of gloves (worn)
 p - a +2 leather armour of fire resistance
 x - the +2 pair of boots of Hopscotch (worn) {Contam rC+ Dex+6}
   (You acquired it on level 11 of the Dungeon)

   Dex:       It affects your dexterity (+6).
   rC:        It protects you from cold.
   Contam:    It causes magical contamination when unequipped.
 z - a +3 leather armour of positive energy
 B - a +1 cloak (worn)
 J - the +1 leather armour of the Stallion (worn) {rElec Will++ Dex-5}
   (You found it on level 13 of the Dungeon)

   Dex:       It affects your dexterity (-5).
   rElec:     It insulates you from electricity.
   Will:      It greatly increases your willpower.
 U - a +2 kite shield of cold resistance (worn)
 Y - a +0 hat (worn)
Magical Staves
 v - a staff of conjuration
Jewellery
 i - a ring of poison resistance
 n - an amulet of reflection (around neck)
 s - a ring of resist corrosion (left hand)
 t - a ring of positive energy (right hand)
 I - a ring of protection from cold
Wands
 d - a wand of mindburst (21)
 e - a wand of paralysis (29)
 k - a wand of polymorph (9)
 u - a wand of digging (7)
 w - a wand of charming (7)
 C - a wand of iceblast (16)
 O - a wand of flame (11)
 P - a wand of acid (13)
Scrolls
 a - 19 scrolls of identify
 c - 4 scrolls of amnesia
 A - a scroll of blinking
 F - 2 scrolls of enchant armour
 G - a scroll of brand weapon
 H - 5 scrolls of teleportation
 M - 5 scrolls of enchant weapon
Potions
 b - 2 potions of heal wounds
 f - a potion of magic
 g - a potion of haste
 j - 5 potions of might
 l - 2 potions of invisibility
 o - a potion of lignification
 q - 5 potions of attraction
 r - 4 potions of curing
 E - a potion of cancellation
 N - 4 potions of flight
 Q - a potion of resistance
 S - a potion of berserk rage
 T - 2 potions of brilliance
Miscellaneous
 y - a phantom mirror
 X - a condenser vane (inert)


   Skills:
 + Level 9.2 Fighting
 - Level 7.0 Maces & Flails
 - Level 4.1 Polearms
 - Level 3.0 Armour
 - Level 8.3 Dodging
 - Level 1.7 Stealth
 * Level 10.4 Shields
 - Level 12.6 Spellcasting
 - Level 8.0 Conjurations
 - Level 2.3 Summonings
 - Level 1.4 Necromancy
 - Level 1.7 Translocations
 - Level 1.0 Transmutations
 - Level 13.6 Ice Magic
 - Level 2.8 Air Magic
 - Level 1.0 Earth Magic


You had 8 spell levels left.
You knew the following spells:

 Your Spells              Type           Power      Damage    Failure   Level
a - Freeze                Ice            100%       1d11      1%          1
b - Frozen Ramparts       Ice            100%       1d12      1%          3
c - Ozocubu's Armour      Ice            94%        N/A       1%          3
d - Hailstorm             Conj/Ice       85%        3d17      1%          4
e - Passwall              Tmut/Erth      27%        N/A       10%         2
f - Summon Ice Beast      Ice/Summ       74%        N/A       4%          4
g - Blink                 Tloc           N/A        N/A       8%          2
h - Agony                 Necr           36%        N/A       75%         5
i - Freezing Cloud        Conj/Ice/Air   37%        6-21      10%         5
j - Iskenderun's Mystic   Conj/Tloc      59%        2d12      13%         4

Your spell library contained the following spells:

 Spells                   Type           Power      Damage    Failure   Level
 Corpse Rot               Necr/Air       N/A        N/A       6%          2
 Dazzling Flash           Conj/Hex       100%       N/A       6%          3
 Beastly Appendage        Tmut           66%        N/A       7%          1
 Mephitic Cloud           Conj/Pois/Air  53%        N/A       7%          3
 Poisonous Vapours        Pois/Air       72%        N/A       9%          2
 Wereblood                Tmut           33%        N/A       10%         2
 Swiftness                Air            48%        N/A       10%         3
 Gell's Gravitas          Tloc           19%        N/A       13%         3
 Lesser Beckoning         Tloc           19%        N/A       13%         3
 Teleport Other           Tloc           39%        N/A       13%         3
 Fulminant Prism          Conj/Hex       27%        3d14      17%         4
 Spider Form              Tmut/Pois      14%        N/A       21%         3
 Tukima's Dance           Hex            25%        N/A       26%         3
 Airstrike                Air            24%        N/A       26%         4
 Lightning Bolt           Conj/Air       31%        1d48      26%         5
 Summon Lightning Spire   Summ/Air       46%        N/A       30%         4
 Passage of Golubria      Tloc           N/A        N/A       38%         4
 Summon Forest            Summ/Tloc      20%        N/A       67%         5
 Manifold Assault         Tloc           39%        N/A       71%         5
 Silence                  Hex/Air        18%        N/A       75%         5
 Summon Mana Viper        Hex/Summ       34%        N/A       78%         5
 Lee's Rapid Deconstruct  Erth           16%        3d11*     80%         5
 Yara's Violent Unravell  Hex/Tmut       14%        3d7       86%         5
 Dispersal                Tloc           19%        N/A       99%         6
 Eringya's Noxious Bog    Tmut/Pois      14%        N/A       100%        6
 Invisibility             Hex            12%        N/A       100%        6
 Malign Gateway           Summ/Tloc      20%        N/A       100%        7
 Monstrous Menagerie      Summ           22%        N/A       100%        7
 Summon Hydra             Summ           22%        N/A       100%        7
 Lehudib's Crystal Spear  Conj/Erth      29%        10d8      100%        8


Dungeon Overview and Level Annotations

Branches:
Dungeon (15/15)            Temple (0/1) D:5            Lair (6/6) D:8
  Swamp (1/4) Lair:2       Spider (0/4) Lair:4        Slime (0/5) Lair:5
    Orc (2/2) D:11            Elf (0/3) Orc:2        Bailey (visited)
  IceCv (visited)
 Vaults: D:13-14     Depths: D:15

Shops:
Orc:2 ([*(


Innate Abilities, Weirdness & Mutations

Your attributes grow dramatically as you level up.
You have an increased reservoir of magic. (+10% MP)
You shall have no god before yourself.
You tend to lose your temper in combat.
Your system is resistant to poisons. (rPois)
Your spells are a little harder to cast, but a little more powerful.


Message History

The foxfire hits you.
* * * LOW HITPOINT WARNING * * *
Casting: Hailstorm (mildly dangerous; 1% risk of failure)
Confirm with . or Enter, or press ? or * to list all spells.
You erupt in a blast of force!
The mystic blast hits the bunyip!
The bunyip is moderately wounded.
The bunyip is knocked back by the mystic blast.
The bunyip slams into the mangrove!
The mystic blast hits the will-o-the-wisp!
You destroy the will-o-the-wisp!
You have reached level 17!
You block the bunyip's attack. x2; The bunyip claws you!!
* * * LOW HITPOINT WARNING * * *
Okay, then.
Casting: Iskenderun's Mystic Blast (dangerous; 13% risk of failure)
Confirm with . or Enter, or press ? or * to list all spells.
You aren't next to any passable walls.
Casting: Passwall (safe; 10% risk of failure)
Confirm with . or Enter, or press ? or * to list all spells.
Okay, then.
Casting: Passwall (safe; 10% risk of failure)
Confirm with . or Enter, or press ? or * to list all spells.
You miscast Blink.
You are very lightly contaminated with residual magic.
Nothing appears to happen.
Casting: Blink (safe; 8% risk of failure)
Confirm with . or Enter, or press ? or * to list all spells.
You blink.
Splash!
You fall into the shallow water.
Moving in this stuff is going to be slow.
You enter the shallow water.
Moving in this stuff is going to be slow.
Your magical contamination has completely faded away.
Casting: Blink (safe; 8% risk of failure)
Confirm with . or Enter, or press ? or * to list all spells.
You blink.
As you read the scroll of summoning, it crumbles to dust.
Wisps of shadow whirl around you... The bunyip claws you!
You die...

...≈≈...#......#..♣
..≈≈≈......(÷.....♣
...≈....#####.##..♣♣♣♣
.≈≈≈≈≈..#..#...#.[.≈.♣♣
.≈≈≈≈≈..#...†..#....≈.♣
.≈≈i≈≈..#..#...#...≈≈♣♣
..≈≈≈..n########..≈..♣♣
≈§≈≈≈.i.t..........≈≈..≈
≈≈......@........≈≈≈≈≈...
≈§.♣♣♣♣≈x≈..≈≈≈≈≈≈≈≈≈..≈≈
♣♣♣♣♣≈^..§≈≈.......≈♣♣♣.≈
♣♣≈..≈≈.)≈≈≈.≈..≈♣♣♣♣ ≈≈
♣..≈≈.§♣.≈≈≈...♣≈♣≈≈♣ ≈
♣.<≈.♣♣♣§≈≈≈.≈......♣♣♣♣
♣≈♣♣♣♣ ♣♣♣...≈≈≈≈≈≈≈....
♣♣♣ ♣≈..≈≈≈≈≈≈≈≈....
♣♣...≈≈§≈.≈≈§§♣♣.


You could see a bunyip (ally target), a friendly alligator (summoned), 2
friendly spriggan riders and a friendly bog body (summoned).

Vanquished Creatures
  An orc warlord (Bailey)
  3 dire elephants (Lair:6)
  An ettin (Orc:2)
  Josephine (D:12)
  Harold (Lair:2)
  15 hydras
  2 ogre magi
  5 boulder beetles
  2 centaur warriors (D:13)
  5 two-headed ogres
  2 alligators
  3 orc high priests (Orc:2)
  7 death yaks (Lair:6)
  2 tengu warriors
  Sonja (Lair:5)
  3 skeletal warriors (D:12)
  2 bog bodies (IceCv)
  An obsidian statue (Lair:6)
  A swamp dragon (Swamp:1)
  A lindwurm (Lair:4)
  A phantasmal warrior (D:14)
  4 necromancers (Lair:6)
  6 orc knights
  5 orc sorcerers (Orc:2)
  3 cyclopes
  2 deep elf pyromancers (D:12)
  5 oklob plants
  A will-o-the-wisp (Swamp:1)
  3 ugly things
  5 black mambas
  12 elephants (Lair:6)
  Joseph (D:7)
  An ice statue (IceCv)
  2 gargoyles (D:11)
  18 cane toads
  2 kobold demonologists (D:11)
  3 unseen horrors
  3 entropy weaver simulacra (IceCv)
  A yaktaur (shapeshifter) (D:13)
  A torpor snail (Lair:4)
  2 rime drakes
  2 ice devils (IceCv)
  17 komodo dragons
  An anaconda simulacrum (IceCv)
  A yaktaur (D:11)
  4 hornets
  4 trolls
  2 polar bears
  4 slime creatures
  A spectral elephant (Lair:6)
  16 blink frogs
  3 shadows
  A water elemental (D:12)
  3 redbacks (Lair:4)
  10 wraiths
  2 wyverns (Lair:3)
  56 yaks
  12 spriggans (Lair:3)
  20 fire bats (D:10)
  5 dire elephant simulacra
  3 basilisks
  2 death yak simulacra (IceCv)
  2 spectral cane toads (Lair:6)
  7 vampire mosquitoes
  A steam dragon (D:9)
  Menkaure (D:7)
  A harpy simulacrum (IceCv)
  A two-headed ogre zombie (D:11)
  A warg (Orc:1)
  3 acid dragons
  A swamp worm (Swamp:1)
  20 water moccasins
  27 orc warriors
  2 ice beasts (D:7)
  2 black bears (Lair:6)
  14 ogres
  An elephant zombie (Lair:6)
  8 centaurs
  2 necrophages
  3 boggarts (Lair:3)
  18 wolves
  An elephant skeleton (Lair:6)
  A kobold brigand (D:11)
  3 phantoms (D:11)
  16 bullfrogs
  5 two-headed ogre simulacra (IceCv)
  2 scorpions
  2 gnoll sergeants
  2 water moccasin zombies (D:7)
  A cane toad simulacrum (IceCv)
  3 water moccasin skeletons
  6 killer bees (D:8)
  4 wights (D:8)
  2 elephant simulacra
  A troll zombie (D:11)
  4 howler monkeys
  9 electric eels
  A nameless horror (Bailey)
  3 centaur zombies
  3 hounds
  A gnoll shaman (D:7)
  18 orc priests
  A bullfrog zombie (D:6)
  2 centaur skeletons
  A jelly (D:6)
  A bullfrog skeleton (D:6)
  Ijyb (D:2)
  5 iguanas
  19 orc wizards
  7 spriggan simulacra (IceCv)
  2 troll simulacra (IceCv)
  3 polar bear simulacra (IceCv)
  2 killer bee zombies
  A wolf simulacrum (IceCv)
  6 ogre zombies (D:11)
  A mummy (D:8)
  3 howler monkey zombies
  6 adders
  24 gnolls
  5 naga simulacra (IceCv)
  15 white imps
  7 ufetubi
  A worm (D:2)
  3 dart slugs
  70 orcs
  3 endoplasms
  2 giant cockroaches
  17 goblins
  20 hobgoblins
  3 quokkas
  7 ball pythons
  71 bats
  4 frilled lizards
  2 goblin skeletons (D:11)
  2 goblin zombies (D:11)
  2 hobgoblin skeletons (D:11)
  2 hobgoblin zombies
  11 kobolds
  2 kobold zombies (D:8)
  4 orc skeletons (D:11)
  15 orc zombies
  3 rats
868 creatures vanquished.

Vanquished Creatures (collateral kills)
  Rupert (Lair:6)
  A death yak (Lair:6)
  A spectral anaconda (Lair:6)
  A flayed ghost (D:10)
  An orc knight (Bailey)
  A cane toad (Lair:6)
  An orc warrior (Bailey)
  An elephant skeleton (Lair:6)
  A gnoll (Bailey)
  3 orcs (Bailey)
  3 goblins (Bailey)
  4 hobgoblins (Bailey)
19 creatures vanquished.

Vanquished Creatures (others)
  A bloated husk (Swamp:1)
  A white imp (IceCv)
  3 bushes
  6 foxfires (Swamp:1)
  63 fungi
  102 plants
  41 withered plants
217 creatures vanquished.

Grand Total: 1104 creatures vanquished

Notes
Turn   | Place    | Note
-------+----------+-------------------------------------------
     0 | D:1      | ZlagarX the Demigod Ice Elementalist began the quest for
                  | the Orb.
     0 | D:1      | Reached XP level 1. HP: 14/14 MP: 5/5
   597 | D:1      | Reached skill level 4 in Ice Magic
   764 | D:1      | Reached XP level 2. HP: 18/20 MP: 5/7
  2186 | D:2      | Reached XP level 3. HP: 26/26 MP: 8/8
  2626 | D:3      | Learned a level 3 spell: Frozen Ramparts
  3211 | D:2      | Reached XP level 4. HP: 23/33 MP: 1/10
  3302 | D:2      | Reached skill level 5 in Ice Magic
  3567 | D:3      | Noticed Ijyb
  3790 | D:2      | Killed Ijyb
  3936 | D:3      | Reached XP level 5. HP: 36/38 MP: 8/12
  4318 | D:3      | Gained mutation: You have a pair of small antennae on your
                  | head. [potion of mutation]
  4335 | D:4      | Noticed a necrophage
  4342 | D:4      | Killed a necrophage
  4501 | D:4      | Reached skill level 6 in Ice Magic
  4501 | D:4      | Reached XP level 6. HP: 45/45 MP: 9/14
  4505 | D:4      | Learned a level 3 spell: Ozocubu's Armour
  5206 | D:5      | Entered Level 5 of the Dungeon
  5210 | D:5      | Found a staircase to the Ecumenical Temple.
  5737 | D:5      | Learned a level 4 spell: Hailstorm
  5762 | D:5      | Reached XP level 7. HP: 46/50 MP: 16/16
  5980 | D:6      | Reached skill level 7 in Ice Magic
  6103 | D:6      | Reached skill level 1 in Conjurations
  6480 | D:6      | You fall into a shaft and drop 3 floors!
  6549 | D:9      | Noticed a yak
  6564 | D:9      | Killed a yak
  6565 | D:9      | Reached XP level 8. HP: 49/57 MP: 12/18
  6628 | D:9      | Reached skill level 5 in Spellcasting
  6628 | D:9      | Reached skill level 8 in Ice Magic
  6781 | D:9      | Reached skill level 9 in Ice Magic
  6782 | D:9      | Reached XP level 9. HP: 34/62 MP: 9/21
  7268 | D:6      | Reached skill level 10 in Ice Magic
  8659 | D:7      | Learned a level 2 spell: Passwall
  8748 | D:7      | Noticed Joseph
  8757 | D:7      | Killed Joseph
  8886 | D:7      | Reached skill level 1 in Polearms
  8895 | D:7      | Reached skill level 1 in Transmutations
  8895 | D:7      | Reached skill level 1 in Earth Magic
  8895 | D:7      | Reached XP level 10. HP: 60/69 MP: 9/24
  9154 | D:7      | Noticed Menkaure
  9160 | D:7      | Killed Menkaure
 10206 | D:8      | Reached skill level 1 in Armour
 10665 | D:8      | Found a staircase to the Lair.
 10689 | Lair:1   | Entered Level 1 of the Lair of Beasts
 10689 | Lair:1   | Noticed a five-headed hydra
 10790 | D:8      | Noticed a four-headed hydra
 10807 | D:8      | Killed a four-headed hydra
 10808 | D:8      | Reached skill level 1 in Fighting
 10808 | D:8      | Reached skill level 5 in Conjurations
 10956 | D:8      | Noticed a cyclops
 10967 | D:8      | Killed a cyclops
 11910 | D:9      | Learned a level 4 spell: Summon Ice Beast
 11943 | D:10     | Entered Level 10 of the Dungeon
 12008 | D:10     | Found a flagged portal.
 12022 | Bailey   | Entered a bailey
 12489 | Bailey   | Reached skill level 1 in Summonings
 12676 | Bailey   | Noticed an orc knight
 12676 | Bailey   | Noticed an orc warlord
 12703 | Bailey   | Killed an orc warlord
 12703 | Bailey   | Noticed an orc knight
 12729 | Bailey   | Killed an orc knight
 12730 | Bailey   | Reached XP level 11. HP: 16/79 MP: 8/27
 13099 | Bailey   | Identified the +4 flail "Transmigrator" {freeze, rN+ Will+
                  | Int-2 SInv}
 13454 | D:10     | Noticed a two-headed ogre
 13464 | D:10     | Killed a two-headed ogre
 13465 | D:10     | Reached skill level 1 in Maces & Flails
 14577 | D:10     | Found a runed translucent door.
 14650 | D:10     | Reached skill level 5 in Dodging
 14796 | D:10     | Reached skill level 5 in Maces & Flails
 14877 | D:10     | Noticed a flayed ghost
 14980 | D:10     | Killed a flayed ghost
 14985 | D:10     | Identified the +8 chain mail "Qotob" {rPois Will+ Dex+2}
 15613 | D:11     | Acquired the +2 pair of boots of Hopscotch {Contam rC+
                  | Dex+6}
 15699 | D:11     | Noticed a boulder beetle
 15720 | D:11     | Killed a boulder beetle
 15721 | D:11     | Reached skill level 1 in Shields
 16216 | D:11     | Found a staircase to the Orcish Mines.
 16268 | D:11     | Reached XP level 12. HP: 89/89 MP: 2/30
 16759 | D:11     | Reached skill level 10 in Spellcasting
 17005 | D:11     | Noticed a boulder beetle
 17018 | D:11     | Killed a boulder beetle
 17019 | D:11     | Reached skill level 11 in Ice Magic
 17023 | D:11     | Noticed a five-headed hydra
 17032 | D:11     | Killed a five-headed hydra
 17223 | D:11     | Identified the +2 great sword of Disembowelment {pain, rC+
                  | Str+6}
 17223 | D:11     | Noticed an ogre mage
 17237 | D:11     | Killed an ogre mage
 17438 | D:11     | Noticed a boulder beetle
 17446 | D:11     | Killed a boulder beetle
 17712 | D:11     | Reached skill level 5 in Shields
 17750 | D:11     | Got the Grimoire of Venom and Orientation
 17849 | D:11     | Noticed an eight-headed hydra
 17857 | D:11     | Killed an eight-headed hydra
 18166 | D:12     | Reached XP level 13. HP: 103/103 MP: 21/32
 18928 | D:12     | Learned a level 2 spell: Blink
 19107 | D:12     | Noticed Josephine
 19134 | D:12     | Killed Josephine
 19135 | D:12     | Reached skill level 1 in Translocations
 19809 | D:12     | Learned a level 5 spell: Agony
 20052 | D:13     | Reached skill level 1 in Necromancy
 20106 | Orc:1    | Entered Level 1 of the Orcish Mines
 20207 | Orc:1    | Reached XP level 14. HP: 111/111 MP: 21/33
 20423 | Orc:1    | Learned a level 5 spell: Freezing Cloud
 20944 | Orc:2    | Entered Level 2 of the Orcish Mines
 21436 | Orc:2    | Found a staircase to the Elven Halls.
 21457 | Orc:2    | Reached skill level 1 in Air Magic
 21847 | Orc:2    | Found Noalleaq's Antique Weapon Emporium.
 21847 | Orc:2    | Found Ylusay Qecs's Weapon Emporium.
 21848 | Orc:2    | Found Usmitem's Assorted Antiques.
 21863 | Orc:2    | Found Ninousio's Antique Armour Shop.
 21875 | Orc:2    | Bought an emerald potion for 23 gold pieces
 21875 | Orc:2    | Bought a scroll of identify for 52 gold pieces
 21875 | Orc:2    | Bought a scroll of teleportation for 78 gold pieces
 21875 | Orc:2    | Bought a scroll of magic mapping for 91 gold pieces
 24952 | Lair:2   | Noticed Harold
 24965 | Lair:2   | Killed Harold
 25056 | Lair:2   | Found a staircase to the Swamp.
 26868 | Lair:3   | Reached skill level 12 in Ice Magic
 27336 | Lair:3   | Identified the +10 dagger of Ukkuner {freeze, *Corrode Fly
                  | rPois rN+}
 28560 | Lair:4   | Found a runed translucent door.
 28591 | Lair:4   | Reached XP level 15. HP: 88/121 MP: 34/36
 28988 | Lair:4   | Identified the +11 spear of the Girdle {vorpal, MP+9}
 29206 | Lair:4   | Found a hole to the Spider Nest.
 29599 | Lair:5   | Noticed Sonja
 29606 | Lair:5   | Killed Sonja
 29991 | Lair:5   | Found a staircase to the Slime Pits.
 31106 | Lair:6   | Entered Level 6 of the Lair of Beasts
 31106 | Lair:6   | Noticed Rupert
 31116 | Lair:6   | Killed Rupert
 31117 | Lair:6   | Reached skill level 13 in Ice Magic
 31467 | Lair:6   | Found a frozen archway.
 31511 | IceCv    | Entered an ice cave
 31888 | IceCv    | Learned a level 4 spell: Iskenderun's Mystic Blast
 33430 | IceCv    | Reached XP level 16. HP: 130/130 MP: 37/37
 34281 | Lair:6   | Upgraded the game from 0.27.1-16-g815e20cd7a to
                  | 0.27.1-33-g824d729ab1
 36260 | Lair:6   | Found the +6 Majin-Bo {vamp, MP+6 Int+6}
 38218 | D:13     | Identified the +1 leather armour of the Stallion {rElec
                  | Will++ Dex-5}
 38266 | D:13     | Lost mutation: You have a pair of small antennae on your
                  | head. [potion of mutation]
 38266 | D:13     | Gained mutation: You are agile. (Dex +2) [potion of
                  | mutation]
 38266 | D:13     | Gained mutation: You have sharp toenails. [potion of
                  | mutation]
 38267 | D:13     | Lost mutation: You have sharp toenails. [potion of
                  | mutation]
 38267 | D:13     | Lost mutation: You are agile. (Dex +2) [potion of mutation]
 38267 | D:13     | Gained mutation: You are robust. (+10% HP) [potion of
                  | mutation]
 38268 | D:13     | Lost mutation: You are robust. (+10% HP) [potion of
                  | mutation]
 38268 | D:13     | Gained mutation: Your spells are a little harder to cast,
                  | but a little more powerful. [potion of mutation]
 38268 | D:13     | Gained mutation: You tend to lose your temper in combat.
                  | [potion of mutation]
 38268 | D:13     | Gained mutation: Your system is resistant to poisons.
                  | (rPois) [potion of mutation]
 38379 | D:13     | Reached skill level 10 in Shields
 38931 | D:15     | Entered Level 15 of the Dungeon
 39386 | Swamp:1  | Entered Level 1 of the Swamp
 40056 | Swamp:1  | Reached XP level 17. HP: 20/138 MP: 24/38
 40057 | Swamp:1  | HP: 2/138 [bunyip (18)]
 40068 | Swamp:1  | Mangled by a bunyip

Illustrated notes

Levels and vault maps discovered:
D:1:      scummos_arrival_simple_fountains, layout_basic,
          dilly_ecumenical_altar_fadedgnrine
D:2:      layout_loops_ring, minmay_hexomino_c4
D:3:      layout_basic, led_sif_pool, mainiacjoe_overflow_24_doors, uniq_ijyb
D:4:      layout_basic
D:5:      layout_cave_pools, minmay_temple_entry_glass
D:6:      layout_basic
D:7:      layout_loops_ring, kiku_gazebo_garden_becter, uniq_joseph,
          uniq_menkaure
D:8:      kennysheep_big_flooded_room, layout_basic, overflow_temple_1_default,
          lemuel_crystal_altar, minmay_mini_ossuary
D:9:      layout_gridville, general_overflow_altar
D:10:     due_megacathedral, layout_basic, mainiacjoe_overflow_boulevard,
          lemuel_doored_altar, enter_bailey_4, hangedman_decor_slide_cut
D:11:     minmay_the_grid_triangle_9x9_line_8_mashed
          [minmay_the_grid_triangle_9x9_from_above,
          minmay_the_grid_triangle_9x9_shrine,
          minmay_the_grid_triangle_9x9_dagger,
          minmay_the_grid_triangle_9x9_corrupted_corridor,
          minmay_the_grid_triangle_9x9_zippers_horizontal,
          minmay_the_grid_triangle_9x9_minimal,
          minmay_the_grid_triangle_9x9_cache,
          minmay_the_grid_triangle_9x9_prize_center], layout_basic,
          zombieorc2_lemuel, tgw_fedhas
D:12:     cheibrodos_helix_gallery, layout_basic, kennysheep_nondescript,
          hex_large, library_closet, fountainhead, minmay_door_square,
          minmay_misc_feat_pillars, ashenzari_altar_1, uniq_josephine
D:13:     layout_loops_ring
D:14:     kennysheep_funnel, layout_rooms,
          hangedman_vaults_entry_quadrant_bands, serial_shops, shop,
          grunt_dithmenos_shadows, kennysheep_windowed_goal
D:15:     grunt_enter_depths_magical_seal, layout_long_grid,
          minmay_misc_feat_diagonals, minmay_shattered_shrine
Lair:1:   layout_cave_pods, patterned_corridor
Lair:2:   layout_roguey, swamp_mist, nicolae_lair_grove_arrangements,
          minmay_lair_oklob_chamber, uniq_harold
Lair:3:   kb_forest_paths, layout_small_grid, serial_bayou_shore_a,
          infiniplex_staircase_pool_2, lemuel_fruit_fields
Lair:4:   layout_misc_corridors, spider_nest_entry_funnel_web, pf_torpor_hydra,
          grunt_megastairs_5, lemuel_fruit_fields
Lair:5:   layout_layer_cave, slime_altar_1, uniq_sonja
Lair:6:   due_jungle_book, layout_regular_city, portal_ice_cave_entry_imps,
          wad_woods_river_01, uniq_rupert
Swamp:1:  cheibrodos_swamp_monstrosity, layout_basic_swamp,
          evilmike_swamp_ruin_house_1
Orc:1:    layout_caves, basic_altar, mines4_lemuel
Orc:2:    st_orc_elflike, layout_caves, nicolae_volcano_entry_hallway,
          nicolae_orc_pool_cavern

Skill      XL: |  1  2  3  4  5  6  7  8  9 10 11 12 13 14 15 16 |
---------------+-------------------------------------------------+-----
Ice Magic      | 4 5 6 7 9 10 11 12 13 | 13.6
Spellcasting   | 2 3 4 5 6 8 9 10 11 12 | 12.6
Dodging        | 2 3 4 5 6 8 |  8.3
Conjurations   | 1 3 4 5 8 |  8.0
Polearms       | 1 3 4 |  4.1
Transmutations | 1 |  1.0
Earth Magic    | 1 |  1.0
Armour         | 2 3 |  3.0
Fighting       | 2 3 6 7 8 9 |  9.2
Summonings     | 2 |  2.3
Maces & Flails | 5 6 7 |  7.0
Shields        | 1 5 7 10 | 10.4
Translocations | 1 |  1.7
Necromancy     | 1 |  1.4
Air Magic      | 2 |  2.8
Stealth        | |  1.7

Action                   |  1- 3 |  4- 6 |  7- 9 | 10-12 | 13-15 | 16-18 || total
-------------------------+-------+-------+-------+-------+-------+-------++-------
Melee: Short sword       |    69 |       |       |       |       |       ||    69
       Club              |     7 |       |       |       |       |       ||     7
       Unarmed           |     1 |       |       |       |       |       ||     1
       Flail             |    13 |    10 |       |   258 |   545 |   339 ||  1165
       Dagger            |       |    32 |       |       |       |       ||    32
       Halberd           |       |    48 |   143 |   115 |       |       ||   306
 Cast: Freeze            |    33 |    22 |     8 |     7 |    76 |     6 ||   152
       Frozen Ramparts   |     2 |     6 |    22 |    73 |    58 |    32 ||   193
       Ozocubu's Armour  |       |     7 |    16 |    46 |    66 |    28 ||   163
       Hailstorm         |       |       |     9 |    99 |   115 |    47 ||   270
       Summon Ice Beast  |       |       |       |     7 |       |    12 ||    19
       Freezing Cloud    |       |       |       |       |    72 |    16 ||    88
       Iskenderun's Myst |       |       |       |       |    34 |    48 ||    82
       Blink             |       |       |       |       |       |     2 ||     2
Evoke: Wand              |       |       |     1 |     4 |     7 |       ||    12
       Phantom mirror    |       |       |       |       |     1 |     1 ||     2
       Condenser vane    |       |       |       |       |       |     1 ||     1
  Use: Scroll            |       |     8 |     1 |     7 |     8 |     4 ||    28
       Potion            |       |     6 |       |    12 |     4 |     8 ||    30
 Stab: Sleeping          |     4 |     3 |       |       |     1 |     2 ||    10
       Distracted        |       |       |       |       |     1 |     2 ||     3
Armor: Leather armour    |    34 |    36 |    52 |   171 |   156 |   119 ||   568
       Robe              |     2 |       |       |       |       |       ||     2
       Skin              |       |       |       |       |       |    40 ||    40
Dodge: Dodged            |    90 |    56 |    94 |   299 |   327 |   203 ||  1069
Block: Other             |       |    23 |    30 |    67 |       |       ||   120
       Buckler           |       |       |       |   135 |   385 |       ||   520
       Reflection        |       |       |       |     6 |    19 |     6 ||    31
       Kite shield       |       |       |       |       |       |   429 ||   429
